[Event "Titled Tuesday Blitz May 03 Early 2022"]
[White "Bortnyk, Olexandr"]
[Black "Lorparizangeneh, Shahin"]
[WhiteFideId "14120828"]
[BlackFideId "12521604"]
[WhiteElo "2723"]
[BlackElo "2525"]
[Result "1-0"]
[Round "03"]
[TimeControl "180+1"]
[Date "2022.05.03"]
[WhiteClock "0:00:36"]
[BlackClock "0:00:04"]

1. d4 Nf6 2. Nc3 d5 3. Bf4 a6 4. e3 e6 5. Nf3 b5 6. a3 c5 7. Be2 Bb7 8. O-O Nbd7 9. h3 Be7 10. Ne5 O-O 11. Bf3 Rc8 12. Qe2 Qb6 13. Rfd1 Rfd8 14. Bg5 Qc7 15. Nxd7 Rxd7 16. Rac1 cxd4 17. exd4 h6 18. Bh4 Nh7 19. Bxe7 Rxe7 20. Qe3 Qd6 21. Ne2 Ng5 22. h4 Nxf3+ 23. Qxf3 a5 24. c3 b4 25. cxb4 Rxc1 26. Rxc1 axb4 27. Nf4 bxa3 28. bxa3 Ba6 29. Nh5 Bc4 30. Rb1 e5 31. Ng3 e4 32. Qg4 Qe6 33. Nf5 g6 34. Nxe7+ Qxe7 35. Rb8+ Kg7 36. Qc8 Kf6 37. Rb7 Qxa3 38. Qh8+ Kf5 39. Rxf7+ Kg4 40. Qxh6 Qc1+ 41. Qxc1 1-0


[Site "https://www.chess.com"]

[Event "Titled Tuesday Blitz May 03 Early 2022"]
[White "Camacho Collados, Jose"]
[Black "Ismagambetov, Anuar"]
[WhiteFideId "2265427"]
[BlackFideId "13701525"]
[WhiteElo "2351"]
[BlackElo "2487"]
[Result "0-1"]
[Round "03"]
[TimeControl "180+1"]
[Date "2022.05.03"]
[WhiteClock "0:00:01"]
[BlackClock "0:00:36"]

1. c4 Nf6 2. g3 g6 3. Bg2 Bg7 4. Nc3 O-O 5. d3 e5 6. e4 d6 7. Nge2 Be6 8. O-O Qd7 9. f4 Nc6 10. Be3 Rae8 11. Qe1 Bg4 12. Nd5 Nh5 13. Rb1 a5 14. a3 exf4 15. gxf4 f5 16. Nec3 fxe4 17. dxe4 Rf7 18. Nb5 Bh3 19. Nbxc7 Bxg2 20. Kxg2 Rxe4 21. Qd2 Rxc4 22. Kh1 Qh3 23. f5 Ng3+ 24. Kg1 Nxf1 25. Rxf1 Rg4+ 26. Kf2 Rxf5+ 27. Nf4 Rfxf4+ 28. Bxf4 Rg2+ 29. Ke1 Rxd2 30. Bxd2 Ne5 31. Ne8 Qe6 32. Nxg7 Kxg7 33. Bc3 Kh6 34. Kd2 Qd5+ 35. Kc1 Qd3 36. Rf4 g5 37. Rd4 Qe3+ 38. Kb1 Nf7 39. Ka2 Kg6 0-1


[Site "https://www.chess.com"]

[Event "Titled Tuesday Blitz May 03 Early 2022"]
[White "Ciorgovean, Iustin"]
[Black "Shtyka, Sergey"]
[WhiteFideId "1242911"]
[BlackFideId "4138465"]
[WhiteElo "2075"]
[BlackElo "2014"]
[Result "1-0"]
[Round "03"]
[TimeControl "180+1"]
[Date "2022.05.03"]
[WhiteClock "0:00:11"]
[BlackClock "0:00:06"]

1. d4 c5 2. d5 e5 3. c4 d6 4. Nc3 Be7 5. g3 Nf6 6. e4 O-O 7. Bg2 Nbd7 8. Nge2 a6 9. O-O Rb8 10. a4 b6 11. Rb1 Ne8 12. f4 exf4 13. gxf4 Bf6 14. Kh1 Nc7 15. b4 cxb4 16. Rxb4 Nc5 17. Be3 a5 18. Rb1 N7a6 19. Nd4 Bd7 20. Re1 Bh4 21. Rf1 Qe8 22. Nc6 Rb7 23. Bd4 f6 24. Qd2 Nb8 25. Bxc5 dxc5 26. Nxa5 Ra7 27. Nc6 Nxc6 28. dxc6 Bxc6 29. Rxb6 Bxa4 30. Qd5+ Kh8 31. Qxc5 Bc2 32. Rb2 Bd3 33. Qxa7 Bxf1 34. Bxf1 Be1 35. Qe3 Bxc3 36. Qxc3 Qxe4+ 37. Bg2 Qxf4 38. Rb1 Rc8 39. c5 Qf5 40. Rc1 h5 41. c6 Rc7 42. Qc5 Qg4 43. Qd6 Rc8 44. c7 h4 45. h3 Qf5 46. Rd1 Kh7 47. Qd8 Qe6 48. Qd3+ Kh6 49. Qd2+ g5 50. Qd7 Qg8 51. Bb7 Rxc7 52. Qxc7 Qb3 53. Qd7 Qe3 54. Bg2 f5 55. Qd6+ Kh5 56. Rf1 f4 57. Qf6 Qg3 58. Qf5 f3 59. Qxf3+ Kh6 60. Qxg3 hxg3 61. Bf3 g4 62. Bxg4 Kg5 63. Kg2 Kh4 64. Rf3 Kg5 65. Rxg3 Kh4 66. Ra3 Kg5 67. Kg3 1-0


[Site "https://www.chess.com"]

[Event "Titled Tuesday Blitz May 03 Early 2022"]
[White "Cunha, Lucas Aguiar"]
[Black "Rabineau, Clement"]
[WhiteFideId "2125404"]
[BlackFideId "628891"]
[WhiteElo "2361"]
[BlackElo "2237"]
[Result "1-0"]
[Round "03"]
[TimeControl "180+1"]
[Date "2022.05.03"]
[WhiteClock "0:01:21"]
[BlackClock "0:00:16"]

1. e4 d6 2. d4 g6 3. Nc3 Bg7 4. Be3 a6 5. a4 Nc6 6. Qd2 e5 7. d5 Nd4 8. Nce2 Nxe2 9. Bxe2 f5 10. Bg5 Nf6 11. exf5 Bxf5 12. h4 h6 13. Be3 Qd7 14. c4 Ne4 15. Qb4 a5 16. Qxb7 O-O 17. Qb5 Qe7 18. c5 Rfb8 19. Qc4 Nxc5 20. Bxc5 dxc5 21. d6+ Qe6 22. dxc7 Rxb2 23. Qxe6+ Bxe6 24. O-O-O Rc8 25. Rd8+ Kf7 26. Rxc8 Rxe2 27. Nxe2 Bxc8 28. Rd1 1-0


[Site "https://www.chess.com"]

[Event "Titled Tuesday Blitz May 03 Early 2022"]
[White "D`Arruda, Ricardo D."]
[Black "Djokic, Mihailo"]
[WhiteFideId "100692"]
[BlackFideId "976440"]
[WhiteElo "2394"]
[BlackElo "2202"]
[Result "1-0"]
[Round "03"]
[TimeControl "180+1"]
[Date "2022.05.03"]
[WhiteClock "0:00:29"]
[BlackClock "0:00:09"]

1. d4 Nf6 2. Nf3 g6 3. g3 Bg7 4. Bg2 O-O 5. O-O d6 6. Nc3 c5 7. dxc5 dxc5 8. Qxd8 Rxd8 9. Be3 Na6 10. Rfd1 Bf5 11. Nh4 Nb4 12. Nxf5 gxf5 13. Bxc5 Nxc2 14. Bxe7 Re8 15. Rac1 Rxe7 16. Rxc2 Rc8 17. Rcd2 Bf8 18. Rd8 Rc5 19. Rb8 Re8 20. Rxe8 Nxe8 21. Bxb7 Nd6 22. Bd5 a5 23. e3 Kg7 24. Rd3 Be7 25. b3 Nc8 26. Bc4 Nb6 27. Nd5 Nxc4 28. Nxe7 Nb2 29. Rd5 Rc1+ 30. Kg2 Kf6 31. Nxf5 Rc2 32. g4 Ke6 33. Nd4+ Kxd5 34. Nxc2 Nd1 35. Kf3 Nc3 36. a3 Ne4 37. b4 a4 38. Ke2 Nd2 39. Kxd2 Kc4 40. f4 Kb3 41. e4 Kc4 42. Ke3 Kb5 43. e5 Kc6 44. Kd4 Kd7 45. f5 f6 46. e6+ Kd6 47. b5 h6 48. b6 Kc6 49. e7 Kd7 50. b7 Kc7 51. e8=Q Kd6 52. b8=Q# 1-0


[Site "https://www.chess.com"]

[Event "Titled Tuesday Blitz May 03 Early 2022"]
[White "Dang, Hoang Son"]
[Black "Rodchenkov, Sergey D."]
[WhiteFideId "12402435"]
[BlackFideId "4168712"]
[WhiteElo "2252"]
[BlackElo "2306"]
[Result "1-0"]
[Round "03"]
[TimeControl "180+1"]
[Date "2022.05.03"]
[WhiteClock "0:00:05"]
[BlackClock "0:00:09"]

1. d4 d5 2. Bf4 Nf6 3. e3 e6 4. Nf3 Bd6 5. g3 O-O 6. Bd3 c5 7. c3 Qc7 8. Nbd2 Nbd7 9. h4 e5 10. dxe5 Nxe5 11. Nxe5 Bxe5 12. Nf3 Bxf4 13. gxf4 Bg4 14. Be2 Bxf3 15. Bxf3 Rad8 16. Qb3 b6 17. O-O-O d4 18. cxd4 cxd4+ 19. Kb1 dxe3 20. fxe3 Rfe8 21. a3 Qc5 22. e4 Qc7 23. e5 Nd7 24. Rd6 Nc5 25. Qb5 Rc8 26. h5 h6 27. Bd5 Kh8 28. Rg1 f6 29. Rc6 Qe7 30. exf6 gxf6 31. Rg6 Kh7 32. Ka2 Rf8 33. Qc4 Rxc6 34. Bxc6 Ne6 35. Qe4 f5 36. Qxe6 Qxe6+ 37. Rxe6 Kg8 38. Bd5 Kf7 39. Rxb6+ Ke7 40. Rxh6 Rd8 41. Bb3 Rd2 42. Rh7+ Kf6 43. Rxa7 Rf2 44. Rf7# 1-0


[Site "https://www.chess.com"]

[Event "Titled Tuesday Blitz May 03 Early 2022"]
[White "Darini, Pouria"]
[Black "Lazavik, Denis"]
[WhiteFideId "12502200"]
[BlackFideId "13515110"]
[WhiteElo "2489"]
[BlackElo "2437"]
[Result "0-1"]
[Round "03"]
[TimeControl "180+1"]
[Date "2022.05.03"]
[WhiteClock "0:00:01"]
[BlackClock "0:00:22"]

1. e4 e5 2. Nf3 Nc6 3. d4 exd4 4. Nxd4 Bc5 5. Nb3 Bb6 6. Nc3 Qf6 7. Qe2 Nge7 8. h4 h6 9. Be3 d6 10. O-O-O Bd7 11. Kb1 O-O-O 12. Bxb6 axb6 13. Qd2 g5 14. hxg5 hxg5 15. Bb5 g4 16. a4 Rxh1 17. Rxh1 Rh8 18. Rxh8+ Qxh8 19. Qf4 Be6 20. Be2 Qh1+ 21. Nd1 Qxg2 22. Ne3 Qg1+ 23. Nc1 Ne5 24. Qf6 Kd7 25. Nf5 Bxf5 26. exf5 Qxf2 27. Qg5 Qxf5 28. Qg7 Qg6 29. Qh8 g3 30. Qh3+ f5 31. Bb5+ c6 32. Bf1 Kc7 33. Bg2 f4 34. Qh4 Qf7 35. Bh3 N7g6 36. Qg5 Qe7 37. Qf5 Kb8 38. a5 bxa5 39. Nd3 Nxd3 40. cxd3 Ne5 41. Qc8+ Ka7 42. Qf5 f3 43. d4 g2 44. Bxg2 fxg2 45. Qg5 Qxg5 0-1


[Site "https://www.chess.com"]

[Event "Titled Tuesday Blitz May 03 Early 2022"]
[White "Dauner, Benedikt"]
[Black "Van den Dikkenberg, Erik"]
[WhiteFideId "16225899"]
[BlackFideId "1005880"]
[WhiteElo "2230"]
[BlackElo "2118"]
[Result "1-0"]
[Round "03"]
[TimeControl "180+1"]
[Date "2022.05.03"]
[WhiteClock "0:01:34"]
[BlackClock "0:00:55"]

1. d4 Nf6 2. Nf3 g6 3. g3 Bg7 4. Bg2 d6 5. O-O O-O 6. b3 c6 7. Bb2 Qa5 8. Qe1 Qh5 9. e4 Bh3 10. Nbd2 Ng4 11. Qe2 Nd7 12. Nh4 Bxg2 13. Kxg2 Bh6 14. Nhf3 e5 15. h3 f5 16. hxg4 fxg4 17. Nh2 Qh3+ 18. Kg1 Bxd2 19. Qxd2 Rf3 20. dxe5 Nxe5 21. Bxe5 dxe5 22. Qd7 h5 23. Nxf3 Rf8 24. Ng5 1-0


[Site "https://www.chess.com"]

[Event "Titled Tuesday Blitz May 03 Early 2022"]
[White "Deac, Bogdan-Daniel"]
[Black "Lehtosaari, Mauri"]
[WhiteFideId "1226380"]
[BlackFideId "501999"]
[WhiteElo "2977"]
[BlackElo "2539"]
[Result "1-0"]
[Round "03"]
[TimeControl "180+1"]
[Date "2022.05.03"]
[WhiteClock "0:01:48"]
[BlackClock "0:00:19"]

1. d4 d5 2. Nf3 Nf6 3. c4 c6 4. Nc3 dxc4 5. a4 Bf5 6. Ne5 Nbd7 7. Nxc4 Qc7 8. Qd2 e6 9. f3 Bb4 10. e4 Bg6 11. Qf4 Qd8 12. Nd6+ Bxd6 13. Qxd6 Nb6 14. Qc5 Qe7 15. b4 Nfd7 16. Qxe7+ Kxe7 17. Ba3 f5 18. b5+ Kf7 19. a5 Nc8 20. a6 bxa6 21. bxc6 Ndb6 22. Bxa6 Ne7 23. Bb7 Rad8 24. Bc5 Nec8 25. O-O Rhe8 26. Rad1 Kg8 27. c7 Rd7 28. Bc6 Rxc7 29. Bxe8 Bxe8 30. exf5 exf5 31. Rfe1 Bc6 32. Re5 g6 33. Rde1 Kf7 34. h4 Nc4 35. R5e2 N8b6 36. Re7+ Rxe7 37. Rxe7+ Kf6 38. Rxa7 1-0


[Site "https://www.chess.com"]

[Event "Titled Tuesday Blitz May 03 Early 2022"]
[White "Delorme, Alban"]
[Black "Nozdrachev, Leonid"]
[WhiteFideId "623636"]
[BlackFideId "24113433"]
[WhiteElo "2197"]
[BlackElo "2242"]
[Result "1-0"]
[Round "03"]
[TimeControl "180+1"]
[Date "2022.05.03"]
[WhiteClock "0:01:22"]
[BlackClock "0:00:13"]

1. d4 b6 2. Nf3 Bb7 3. g3 e6 4. Bg2 d6 5. O-O Nd7 6. c4 Ne7 7. Nc3 g6 8. Bf4 Bg7 9. Qd2 h6 10. h4 a6 11. Rac1 e5 12. Be3 Nf5 13. dxe5 Nxe5 14. Nxe5 Bxg2 15. Nxf7 Qd7 16. Nxd6+ Nxd6 17. Kxg2 Nxc4 18. Qxd7+ Kxd7 19. Rfd1+ Kc8 20. Bd4 Rh7 21. Nd5 b5 22. b3 Bxd4 23. Rxd4 Nd6 24. Nb6+ Kb7 25. Nxa8 Kxa8 26. e4 Re7 27. f4 Kb7 28. Kf3 h5 29. Rc5 Nf7 30. Rcd5 Re6 31. f5 gxf5 32. exf5 Re1 33. Rd1 Ne5+ 34. Kf4 Rxd1 35. Rxd1 Ng4 36. Kg5 Nf2 37. Rd8 c5 38. f6 Ne4+ 39. Kg6 Kc7 40. f7 Kxd8 41. f8=Q+ Kd7 42. Qf5+ Kd6 43. Qxe4 c4 44. bxc4 Kc5 45. cxb5 a5 46. Kxh5 Kxb5 47. Kg6 a4 48. h5 a3 49. h6 Kc5 50. h7 Kd6 51. h8=Q Kd7 52. Qf6 Kc8 53. Qee7 Kb8 54. Qff8# 1-0


[Site "https://www.chess.com"]

[Event "Titled Tuesday Blitz May 03 Early 2022"]
[White "Demchenko, Anton"]
[Black "Omariev, Maksim"]
[WhiteFideId "4160258"]
[BlackFideId "4193423"]
[WhiteElo "2539"]
[BlackElo "2510"]
[Result "1-0"]
[Round "03"]
[TimeControl "180+1"]
[Date "2022.05.03"]
[WhiteClock "0:01:12"]
[BlackClock "0:00:01"]

1. e4 c5 2. Nf3 d6 3. d4 cxd4 4. Qxd4 a6 5. Bc4 Nc6 6. Qe3 Nf6 7. h3 g6 8. O-O Bg7 9. Nc3 O-O 10. a4 Be6 11. Bxe6 fxe6 12. Ne2 e5 13. Bd2 Rc8 14. c4 Nh5 15. Rfd1 Nf4 16. Bc3 Qd7 17. c5 Nxh3+ 18. gxh3 Qxh3 19. Nh2 Qe6 20. cxd6 exd6 21. Kg2 Rf7 22. f3 Rcf8 23. Qd3 Rf6 24. Qd5 h5 25. Qxe6+ Rxe6 26. Rd3 Kf7 27. b4 Ke7 28. b5 Nb8 29. Bb4 Rd8 30. Nc3 axb5 31. Nd5+ Kf7 32. axb5 Bf8 33. Ra7 Rd7 34. Nf1 g5 35. Ng3 Kg6 36. Nf5 g4 37. fxg4 hxg4 38. Rg3 Kg5 39. Bd2+ Kh5 40. Ra1 Rf7 41. Rh1+ 1-0


[Site "https://www.chess.com"]

[Event "Titled Tuesday Blitz May 03 Early 2022"]
[White "Devaev, Alexander"]
[Black "Vlassov, Nikolai"]
[WhiteFideId "4169395"]
[BlackFideId "4103360"]
[WhiteElo "2185"]
[BlackElo "2407"]
[Result "0-1"]
[Round "03"]
[TimeControl "180+1"]
[Date "2022.05.03"]
[WhiteClock "0:00:05"]
[BlackClock "0:00:45"]

1. Nf3 g6 2. c4 Bg7 3. Nc3 f5 4. d4 Nf6 5. g3 O-O 6. Bg2 d6 7. d5 c6 8. O-O cxd5 9. cxd5 Na6 10. Be3 Bd7 11. Bd4 Rc8 12. Rc1 Nc5 13. Ng5 h6 14. Nf3 g5 15. b4 Nce4 16. Qb3 Qe8 17. Nxe4 Nxe4 18. Bxg7 Kxg7 19. Qb2+ Kh7 20. Nd4 Qf7 21. Rfd1 Rxc1 22. Qxc1 Rc8 23. Qa1 Qxd5 24. e3 Qe5 25. f4 gxf4 26. exf4 Qf6 27. Re1 Rc4 28. Bxe4 fxe4 29. Rxe4 d5 30. Re5 Rxb4 31. Qe1 Rxd4 32. Qa1 Re4 33. Qc3 Rxe5 34. Qd4 Re1+ 0-1


[Site "https://www.chess.com"]

[Event "Titled Tuesday Blitz May 03 Early 2022"]
[White "Dilmukhametov, Artur"]
[Black "Antonio, Jorge Carlos"]
[WhiteFideId "24179922"]
[BlackFideId "113190"]
[WhiteElo "2244"]
[BlackElo "2247"]
[Result "0-1"]
[Round "03"]
[TimeControl "180+1"]
[Date "2022.05.03"]
[WhiteClock "0:01:39"]
[BlackClock "0:01:53"]

1. d4 d5 2. Nc3 c6 3. Bf4 Nf6 4. Nf3 Bf5 5. e3 e6 6. Bd3 Bxd3 7. Qxd3 Bd6 8. Bxd6 Qxd6 9. Ne5 Nbd7 10. Nxd7 Qxd7 11. O-O-O O-O-O 12. e4 dxe4 13. Nxe4 Nxe4 14. Qxe4 Qd5 15. Qxd5 Rxd5 16. c3 Rhd8 17. h4 Kc7 18. Rhe1 c5 19. dxc5 Rxc5 20. Rxd8 Kxd8 21. Rd1+ Ke7 22. Rd4 e5 23. Re4 f5 24. Re3 Ke6 25. g3 h6 26. b4 Rc4 27. Kb2 b5 28. Kb3 g5 29. hxg5 hxg5 30. a4 a6 31. a5 f4 32. gxf4 gxf4 33. Re2 e4 34. f3 e3 35. Kc2 Ke5 36. Kd3 Rc8 37. Rc2 Rd8+ 38. Ke2 Kd5 39. Rc1 Kc4 40. Rc2 Rd3 41. Ke1 Rxc3 42. Rxc3+ Kxc3 43. Ke2 Kxb4 44. Kd3 Kxa5 0-1


[Site "https://www.chess.com"]

[Event "Titled Tuesday Blitz May 03 Early 2022"]
[White "Djordjevic, Vuk"]
[Black "Bluebaum, Matthias"]
[WhiteFideId "902098"]
[BlackFideId "24651516"]
[WhiteElo "2496"]
[BlackElo "2550"]
[Result "0-1"]
[Round "03"]
[TimeControl "180+1"]
[Date "2022.05.03"]
[WhiteClock "0:00:03"]
[BlackClock "0:00:19"]

1. d4 Nf6 2. Bg5 d5 3. Bxf6 gxf6 4. e3 c5 5. dxc5 e6 6. Nf3 Bxc5 7. Be2 Nc6 8. O-O f5 9. c4 dxc4 10. Nbd2 c3 11. bxc3 O-O 12. Qc2 Qc7 13. e4 f4 14. Rfd1 b6 15. Nb3 Be7 16. Nbd4 Bb7 17. Nb5 Qb8 18. Rd7 Rd8 19. Rad1 Rxd7 20. Rxd7 Bc8 21. Rd1 a6 22. Nbd4 Bb7 23. Nxc6 Bxc6 24. Nd4 Be8 25. Qb3 Qc7 26. Bh5 Qe5 27. Bg4 b5 28. a4 Rd8 29. axb5 axb5 30. Re1 b4 31. Ne2 Qxe4 32. cxb4 Qxb4 33. Qxb4 Bxb4 34. Rb1 Bd6 35. Rd1 Rd7 36. Nc3 Be5 37. Rxd7 Bxd7 38. Ne2 f5 39. Bf3 Bd6 40. g3 fxg3 41. hxg3 Kg7 42. Kg2 Kf6 43. Nd4 e5 44. Bc6 Bc8 45. Nb5 Bc5 46. Nc3 Bd4 47. Nd5+ Ke6 48. Nb4 Kd6 49. Be8 Bb7+ 50. Kg1 e4 51. Nc2 Bc5 52. Ne3 Ke5 53. Bd7 f4 54. gxf4+ Kxf4 55. Ng2+ Kf3 56. Nh4+ Ke2 57. Bg4+ Ke1 58. Ng2+ Kd2 59. Nh4 Be7 60. Ng2 Bg5 61. Bh5 Bd5 62. Kh2 Bc4 63. Kg3 Be2 64. Nf4 Bxf4+ 65. Kxf4 Bxh5 66. Kxe4 Bg6+ 67. Ke5 Ke2 68. f4 h5 69. f5 Be8 70. Kf4 Kf2 71. f6 Kg2 72. Kg5 Kg3 73. Kh6 h4 74. Kg7 0-1


[Site "https://www.chess.com"]

[Event "Titled Tuesday Blitz May 03 Early 2022"]
[White "Donchenko, Alexander"]
[Black "Karolczuk, Iwo"]
[WhiteFideId "24603295"]
[BlackFideId "21816972"]
[WhiteElo "2539"]
[BlackElo "2277"]
[Result "1-0"]
[Round "03"]
[TimeControl "180+1"]
[Date "2022.05.03"]
[WhiteClock "0:01:45"]
[BlackClock "0:00:30"]

1. d4 Nf6 2. Nf3 g6 3. Nbd2 d5 4. e3 Bg7 5. Be2 O-O 6. O-O c6 7. b3 a5 8. c4 a4 9. bxa4 Qa5 10. Ne5 Nbd7 11. Nd3 Qxa4 12. cxd5 Nxd5 13. Bb2 c5 14. Qxa4 Rxa4 15. dxc5 e5 16. Rfc1 e4 17. Bxg7 Kxg7 18. Nb2 Rb4 19. Rab1 Ne5 20. a3 Rxb2 21. Rxb2 f5 22. Nc4 Nc6 23. Nd6 f4 24. Nxc8 Rxc8 25. Rxb7+ Kh6 26. Bc4 Nf6 27. exf4 Nd4 28. Bf1 Nh5 29. g3 Nf3+ 30. Kg2 g5 31. Rb6+ Kg7 32. fxg5 Rf8 33. Be2 1-0


[Site "https://www.chess.com"]

[Event "Titled Tuesday Blitz May 03 Early 2022"]
[White "Erdogdu, Mert"]
[Black "Bellissimo, Joseph F."]
[WhiteFideId "6301495"]
[BlackFideId "2609843"]
[WhiteElo "2485"]
[BlackElo "2061"]
[Result "1-0"]
[Round "03"]
[TimeControl "180+1"]
[Date "2022.05.03"]
[WhiteClock "0:00:39"]
[BlackClock "0:01:32"]

1. e4 e6 2. d4 d5 3. exd5 exd5 4. c4 Nc6 5. Nc3 dxc4 6. d5 Ne5 7. Nf3 Bd6 8. Nxe5 Bxe5 9. Bxc4 Nf6 10. O-O O-O 11. Re1 Bxh2+ 12. Kxh2 Ng4+ 13. Kg3 h5 14. Rh1 g5 15. Rxh5 Qd6+ 16. f4 f6 17. Qd3 Rf7 18. Qg6+ Kf8 19. Rh8+ Ke7 20. Ne4 Qb4 21. d6+ Kd7 22. Qxf7+ Kc6 23. Qxc7# 1-0


[Site "https://www.chess.com"]

[Event "Titled Tuesday Blitz May 03 Early 2022"]
[White "Eynullayev, Atilla"]
[Black "Srihari L R"]
[WhiteFideId "13413570"]
[BlackFideId "46617116"]
[WhiteElo "1936"]
[BlackElo "2121"]
[Result "0-1"]
[Round "03"]
[TimeControl "180+1"]
[Date "2022.05.03"]
[WhiteClock "0:00:23"]
[BlackClock "0:00:47"]

1. e4 c5 2. Nf3 Nf6 3. e5 Nd5 4. Nc3 e6 5. Ne4 f5 6. Nc3 Ne7 7. Nb5 Ng6 8. b4 cxb4 9. a3 Nc6 10. axb4 Ngxe5 11. Nxe5 Nxe5 12. Bb2 Nf7 13. Nxa7 Bxb4 14. Bxg7 Rg8 15. Bb2 Bc5 16. Nxc8 Rxc8 17. d4 Bb4+ 18. c3 Rxc3 19. Bxc3 Bxc3+ 20. Ke2 Bxa1 21. Qxa1 Ke7 22. g3 Qb6 23. Bg2 Qb5+ 24. Kd2 Rc8 25. Rb1 Qc4 26. Qa3+ Nd6 27. Qd3 Qa2+ 28. Ke1 Rc2 0-1


[Site "https://www.chess.com"]

[Event "Titled Tuesday Blitz May 03 Early 2022"]
[White "Fajdetic, Hrvoje"]
[Black "Kadam, Om Manish"]
[WhiteFideId "14501945"]
[BlackFideId "45076294"]
[WhiteElo "2172"]
[BlackElo "1729"]
[Result "0-1"]
[Round "03"]
[TimeControl "180+1"]
[Date "2022.05.03"]
[WhiteClock "0:00:02"]
[BlackClock "0:00:31"]

1. d4 f5 2. Bg5 Nf6 3. Bxf6 exf6 4. e3 d5 5. c4 dxc4 6. Bxc4 c6 7. Nc3 Bd6 8. h4 Qe7 9. Qb3 b5 10. Bd3 a5 11. Nh3 a4 12. Qc2 f4 13. Bxh7 fxe3 14. Bg6+ Kf8 15. h5 Na6 16. O-O Nb4 17. Qc1 Bxh3 18. gxh3 exf2+ 19. Rxf2 Bc7 20. Re2 Qd6 21. Qe3 Kg8 22. Rae1 Rf8 23. Qe6+ Qxe6 24. Rxe6 Bb6 25. R1e4 f5 26. Rf4 Nd3 27. Rf3 Bxd4+ 28. Kh1 Ne5 29. Rxf5 Nxg6 30. Rxf8+ Nxf8 31. Rxc6 Rxh5 0-1


[Site "https://www.chess.com"]

[Event "Titled Tuesday Blitz May 03 Early 2022"]
[White "Fiorito, Fabian"]
[Black "Kozak, Antoni"]
[WhiteFideId "100200"]
[BlackFideId "21832030"]
[WhiteElo "2395"]
[BlackElo "2236"]
[Result "1-0"]
[Round "03"]
[TimeControl "180+1"]
[Date "2022.05.03"]
[WhiteClock "0:00:17"]
[BlackClock "0:00:08"]

1. d4 d5 2. Nc3 Nf6 3. Bf4 c6 4. e3 Bf5 5. f3 h5 6. Bd3 e6 7. Nge2 Bxd3 8. Qxd3 Bd6 9. O-O-O Na6 10. a3 Bxf4 11. Nxf4 Qc7 12. Nfe2 O-O-O 13. e4 dxe4 14. fxe4 e5 15. d5 Kb8 16. h3 Nc5 17. Qc4 cxd5 18. exd5 a6 19. Rhf1 Rhf8 20. Ng3 Ne8 21. Qe2 f6 22. Qxh5 Nd6 23. Qe2 Rc8 24. Kb1 Qa5 25. Nce4 Ncxe4 26. Nxe4 Rfd8 27. Nxd6 Rxd6 28. c4 Qa4 29. Rc1 Rb6 30. Rf3 Rd6 31. Rfc3 Qd7 32. Rd1 Rd8 33. Rcd3 Qf5 34. Ka1 Qc8 35. Qc2 Qc5 36. b4 Qc7 37. c5 R6d7 38. Qc4 f5 39. b5 axb5 40. Qxb5 e4 41. Rd4 Qe5 42. Ka2 e3 43. c6 e2 44. cxd7 exd1=Q 45. Rxd1 Qd6 46. Qb4 Qxd7 47. d6 Qe6+ 48. Kb1 Rd7 49. Qd4 g6 50. Qb4 Qe4+ 51. Qxe4 fxe4 52. Re1 Rxd6 53. Rxe4 Rd1+ 54. Kc2 Rd6 55. Rg4 Rc6+ 56. Kb3 Re6 57. Rg5 Kc7 58. h4 Rb6+ 59. Kc4 Rf6 60. g3 Ra6 61. Kb4 Rf6 62. a4 Re6 63. Rg4 Rf6 64. Kc5 Rf5+ 65. Kd4 Rf6 66. Ke5 Ra6 67. Re4 Kd7 68. Kf4 Ra5 69. g4 b5 70. axb5 Rxb5 71. Re5 Rxe5 72. Kxe5 Ke7 73. g5 Kf7 74. Kd6 Kg7 75. Ke7 Kg8 76. Kf6 Kh7 77. Kf7 Kh8 78. Kxg6 Kg8 79. h5 Kh8 80. Kf7 Kh7 81. g6+ Kh8 82. g7+ Kh7 83. g8=Q+ Kh6 84. Qg6# 1-0


[Site "https://www.chess.com"]

[Event "Titled Tuesday Blitz May 03 Early 2022"]
[White "Gallegos Diaz, Carlos Alberto"]
[Black "Khokhlova, Daria"]
[WhiteFideId "3900886"]
[BlackFideId "24182729"]
[WhiteElo "2362"]
[BlackElo "2034"]
[Result "0-1"]
[Round "03"]
[TimeControl "180+1"]
[Date "2022.05.03"]
[WhiteClock "0:00:12"]
[BlackClock "0:00:26"]

1. e4 c5 2. Nf3 d6 3. d3 Nf6 4. Nbd2 g6 5. Be2 Bg7 6. O-O O-O 7. h3 Nc6 8. Re1 d5 9. c3 dxe4 10. dxe4 b6 11. Qc2 Bb7 12. Bf1 Qc7 13. Nc4 b5 14. Ne3 Ne5 15. Nxe5 Qxe5 16. Ng4 Nxg4 17. hxg4 a6 18. f4 Qc7 19. g5 Rfd8 20. Qf2 b4 21. e5 Bd5 22. c4 Be6 23. Be3 Rac8 24. Rad1 Rxd1 25. Rxd1 f6 26. gxf6 exf6 27. Rd6 Qf7 28. Qg3 fxe5 29. fxe5 Bxc4 30. Bxc4 Qxc4 31. Qf4 Qxf4 32. Bxf4 c4 33. Rd2 c3 34. bxc3 bxc3 35. Rc2 Kf7 36. Kf2 Ke6 37. Ke3 Bxe5 38. Bxe5 Kxe5 39. Kd3 Kf4 40. Re2 c2 0-1


[Site "https://www.chess.com"]

[Event "Titled Tuesday Blitz May 03 Early 2022"]
[White "Gatterer, Florian"]
[Black "Terzi, Alexei"]
[WhiteFideId "811688"]
[BlackFideId "13505076"]
[WhiteElo "2218"]
[BlackElo "2031"]
[Result "0-1"]
[Round "03"]
[TimeControl "180+1"]
[Date "2022.05.03"]
[WhiteClock "0:00:14"]
[BlackClock "0:00:08"]

1. d4 Nf6 2. Nf3 g6 3. g3 b5 4. Bg2 Bb7 5. O-O Bg7 6. a4 b4 7. c4 bxc3 8. Nxc3 O-O 9. Qb3 Qc8 10. Re1 d6 11. h3 Nbd7 12. e4 c5 13. e5 Ne8 14. e6 Ndf6 15. dxc5 dxc5 16. exf7+ Rxf7 17. Ng5 e6 18. Nxf7 Bxg2 19. Nh6+ Bxh6 20. Kxg2 c4 21. Qc2 Qc6+ 22. Kg1 Bg7 23. Qe2 Nc7 24. Bf4 Re8 25. Bxc7 Qxc7 26. Rac1 Qc6 27. Ne4 Nxe4 28. Qxe4 Qxa4 29. Rxc4 Qb5 30. Rb4 Qc5 31. Re2 a5 32. Rb7 Qc1+ 33. Kh2 Qc5 34. Qa4 Rf8 35. Kg1 Bd4 36. Qd7 Bxf2+ 37. Kh2 Bxg3+ 38. Kxg3 Qg1+ 39. Kh4 Rf4# 0-1


[Site "https://www.chess.com"]

[Event "Titled Tuesday Blitz May 03 Early 2022"]
[White "Gharibyan, Mamikon"]
[Black "Dubov, Daniil"]
[WhiteFideId "13308300"]
[BlackFideId "24126055"]
[WhiteElo "2254"]
[BlackElo "2791"]
[Result "0-1"]
[Round "03"]
[TimeControl "180+1"]
[Date "2022.05.03"]
[WhiteClock "0:00:01"]
[BlackClock "0:00:09"]

1. d4 d5 2. c4 c6 3. Nf3 Nf6 4. e3 Bf5 5. Nc3 e6 6. Nh4 Bg6 7. Nxg6 hxg6 8. Rb1 Nbd7 9. c5 g5 10. b4 a6 11. g3 g6 12. a4 Bg7 13. Bg2 e5 14. Bd2 Qe7 15. O-O e4 16. f3 exf3 17. Qxf3 g4 18. Qe2 Nf8 19. b5 axb5 20. axb5 Ne6 21. bxc6 bxc6 22. Rb6 Qd7 23. e4 dxe4 24. Nxe4 Nxe4 25. Qxe4 O-O 26. Qxg4 Bxd4+ 27. Kh1 Bxc5 28. Rb2 Bd4 29. Rc2 Rac8 30. Bh6 Bg7 31. Bxg7 Kxg7 32. Rfc1 c5 33. Rd1 Qe7 34. Qc4 Rfd8 35. Rdc1 Rd4 36. Qe2 Qd6 37. Qe3 Rd8 38. Qf2 Rd1+ 39. Bf1 Qd5+ 40. Kg1 Rxc1 41. Rxc1 Nd4 42. Bg2 Qe5 43. Re1 Qf6 44. Rc1 Rc8 45. h4 c4 46. Qe3 c3 47. Kh2 Nf5 0-1


[Site "https://www.chess.com"]

[Event "Titled Tuesday Blitz May 03 Early 2022"]
[White "Gottstein, Claudius-Thomas"]
[Black "Pourkashiyan, Atousa"]
[WhiteFideId "4653327"]
[BlackFideId "12502014"]
[WhiteElo "2109"]
[BlackElo "2247"]
[Result "0-1"]
[Round "03"]
[TimeControl "180+1"]
[Date "2022.05.03"]
[WhiteClock "0:00:01"]
[BlackClock "0:00:17"]

1. e4 c5 2. Nf3 e6 3. g3 a6 4. Bg2 Nc6 5. O-O d6 6. c3 Nf6 7. Qe2 Be7 8. d4 O-O 9. Rd1 Bd7 10. e5 Nd5 11. exd6 Bxd6 12. c4 Nf6 13. Nc3 cxd4 14. Nxd4 Nxd4 15. Rxd4 Qc7 16. Bg5 Be5 17. Rd3 h6 18. Bxf6 Bxf6 19. Ne4 Be7 20. Rad1 Bc6 21. b3 Rfd8 22. Rxd8+ Rxd8 23. Rxd8+ Qxd8 24. Qd2 Qc7 25. Qd3 b6 26. h3 Qb7 27. Bf3 b5 28. cxb5 axb5 29. Nd2 b4 30. Bxc6 Qxc6 31. Nc4 Qc7 32. Qe4 Qa7 33. Qe2 Qd4 34. Qd2 Qa1+ 35. Kg2 g6 36. Qxh6 Qxa2 37. Qe3 Qc2 38. Ne5 Bf6 39. Nf3 Qc6 0-1


[Site "https://www.chess.com"]